 Dungeon Crawl Stone Soup version 0.25-a0-632-g7713895373 (webtiles) character file.

Game seed: 11344985329554317000, levelgen mode: deterministic

200 kae the Skirmisher (level 5, -2/47 HPs)
             Began as a Gnoll Wanderer on Mar 19, 2020.
             Slain by a worker ant (6 damage)
             ... on level 3 of the Dungeon.
             The game lasted 00:04:55 (3588 turns).

kae the Skirmisher (Gnoll Wanderer)                 Turns: 3588, Time: 00:04:56

Health: -2/47      AC: 10    Str: 15    XL:     5   Next: 79%
Magic:  9/9        EV: 15    Int: 15    God:
Gold:   128        SH:  0    Dex: 14    Spells: 10/10 levels left

rFire    . . .     SeeInvis +   a - +0 club
rCold    . . .     Gourm    .   (no shield)
rNeg     . . .     Faith    .   c - +3 scale mail
rPois    .         Spirit   .   (no helmet)
rElec    .         Reflect  .   (no cloak)
rCorr    .         Harm     .   (no gloves)
MR       .....                  (no boots)
Stlth    ..........             (no amulet)
HPRegen  0.15/turn              k - +5 ring of evasion
MPRegen  0.11/turn              l - ring of see invisible

@: lethally poisoned (-2 -> -9)
A: distributed training, fangs 1, strong nose
a: no special abilities


You were on level 3 of the Dungeon.
You were hungry.

You visited 1 branch of the dungeon, and saw 4 of its levels.

You collected 128 gold pieces.

Inventory:

Hand Weapons
 a - a +0 club (weapon)
Armour
 c - a +3 scale mail (worn)
Jewellery
 f - a +2 ring of strength {unknown}
 g - a +5 ring of dexterity {unknown}
 k - a +5 ring of evasion (left hand)
 l - a ring of see invisible (right hand)
Scrolls
 b - 2 scrolls of teleportation
 e - a scroll of remove curse
 i - a scroll of fear
Potions
 h - a potion of haste
Comestibles
 d - 4 rations


   Skills:
 + Level 6.7 Fighting
 + Level 1.6 Short Blades
 + Level 1.6 Long Blades
 + Level 1.6 Axes
 + Level 1.6 Maces & Flails
 + Level 1.6 Polearms
 + Level 1.6 Staves
 + Level 1.6 Slings
 + Level 1.6 Bows
 + Level 1.6 Crossbows
 + Level 3.0 Throwing
 + Level 4.8 Armour
 + Level 1.6 Dodging
 + Level 1.6 Stealth
 + Level 1.6 Shields
 + Level 1.6 Unarmed Combat
 + Level 3.2 Spellcasting
 + Level 1.2 Conjurations
 + Level 1.2 Hexes
 + Level 1.2 Charms
 + Level 1.2 Summonings
 + Level 1.2 Necromancy
 + Level 1.2 Translocations
 + Level 1.2 Transmutations
 + Level 1.2 Fire Magic
 + Level 1.2 Ice Magic
 + Level 1.2 Air Magic
 + Level 1.2 Earth Magic
 + Level 4.0 Poison Magic
 + Level 1.8 Invocations
 + Level 3.0 Evocations


You had 10 spell levels left.
You didn't know any spells.
Your spell library was empty.

Dungeon Overview and Level Annotations

Branches:
Dungeon (4/15)
 Temple: D:4-7

Altars:
Dithmenos
Fedhas
Sif Muna
Trog

Annotations:
D:3 Grinder


Innate Abilities, Weirdness & Mutations

Your experience applies equally to all skills.
You have very sharp teeth.
Your uncanny sense of smell can sniff out nearby items.


Message History

That item cannot be evoked!
You aren't carrying any items that you can evoke.
You hit the worker ant but do no damage.
The worker ant bites you.
* * * LOW HITPOINT WARNING * * *
You closely miss the worker ant. The worker ant closely misses you.
You hit the worker ant but do no damage.
The worker ant bites you.
* * * LOW HITPOINT WARNING * * *
You are lethally poisoned!
The worker ant poisons you! The worker ant misses you.
You closely miss the worker ant.
* * * LOW HITPOINT WARNING * * *
You feel sick. The worker ant bites you.
* * * LOW HITPOINT WARNING * * *
You hit the worker ant.
The worker ant is moderately wounded.
* * * LOW HITPOINT WARNING * * *
You feel sick. The worker ant bites you.
You die...

##.###......# # #.##
##.##### # #.# #.#
###### #.## ##.# #.....
##.###..# #.####
##...#.# ##.## #
##.##.#######.#.###
#######a##........###...
#......@##.#######.#.###
#)########.########.##..
#.# #.##........... #.#
#.......##.##.. #.#
####.#####.####
##########.#### #.# #..#
#.............# #.# #.##
#.##########..# #.# #.#
#.# #..# #.# #.#


You could see a worker ant.

Vanquished Creatures
  A worker ant (D:3)
  Robin (D:3)
  3 adders
  3 gnolls (D:3)
  A shadow imp (D:3)
  An ooze (D:2)
  A worm (D:2)
  2 dart slugs
  4 leopard geckos
  A ball python (D:3)
  6 giant cockroaches
  16 goblins
  9 hobgoblins
  15 jackals
  A quokka (D:2)
  2 bats (D:1)
  2 frilled lizards
  7 kobolds
  2 rats
78 creatures vanquished.

Notes
Turn   | Place    | Note
-------+----------+-------------------------------------------
     0 | D:1      | kae the Gnoll Wanderer began the quest for the Orb.
     0 | D:1      | kae set off with the following items: a +0 club, 2 scrolls
                  | of teleportation, a +2 scale mail, a ration
     0 | D:1      | Reached XP level 1. HP: 23/23 MP: 4/4
   181 | D:1      | Reached XP level 2. HP: 25/29 MP: 5/5
   243 | D:1      | You fall into a shaft and drop 1 floor!
   347 | D:2      | Reached XP level 3. HP: 24/35 MP: 7/7
  1026 | D:1      | Reached skill level 1 in Invocations
  1596 | D:2      | Reached skill level 1 in Short Blades
  1596 | D:2      | Reached skill level 1 in Long Blades
  1596 | D:2      | Reached skill level 1 in Axes
  1596 | D:2      | Reached skill level 1 in Maces & Flails
  1596 | D:2      | Reached skill level 1 in Polearms
  1596 | D:2      | Reached skill level 1 in Staves
  1596 | D:2      | Reached skill level 1 in Slings
  1596 | D:2      | Reached skill level 1 in Bows
  1596 | D:2      | Reached skill level 1 in Crossbows
  1596 | D:2      | Reached skill level 1 in Dodging
  1596 | D:2      | Reached skill level 1 in Stealth
  1596 | D:2      | Reached skill level 1 in Shields
  1596 | D:2      | Reached skill level 1 in Unarmed Combat
  1680 | D:2      | Reached XP level 4. HP: 41/41 MP: 8/8
  1848 | D:3      | Noticed Grinder
  1926 | D:3      | Noticed Robin
  1967 | D:3      | Killed Robin
  1991 | D:3      | Reached skill level 1 in Conjurations
  1991 | D:3      | Reached skill level 1 in Hexes
  1991 | D:3      | Reached skill level 1 in Charms
  1991 | D:3      | Reached skill level 1 in Summonings
  1991 | D:3      | Reached skill level 1 in Necromancy
  1991 | D:3      | Reached skill level 1 in Translocations
  1991 | D:3      | Reached skill level 1 in Transmutations
  1991 | D:3      | Reached skill level 1 in Fire Magic
  1991 | D:3      | Reached skill level 1 in Ice Magic
  1991 | D:3      | Reached skill level 1 in Air Magic
  1991 | D:3      | Reached skill level 1 in Earth Magic
  2172 | D:3      | Found a shadowy altar of Dithmenos.
  2173 | D:3      | Found a bloodstained altar of Trog.
  2263 | D:3      | Reached XP level 5. HP: 37/47 MP: 9/9
  2494 | D:2      | Found a shimmering blue altar of Sif Muna.
  2494 | D:2      | Found a blossoming altar of Fedhas.
  3269 | D:3      | Paralysed by Grinder for 5 turns
  3354 | D:4      | Noticed an ogre
  3367 | D:3      | Paralysed by Grinder for 2 turns
  3588 | D:3      | Slain by a worker ant

Levels and vault maps discovered:
D:1:      doesnt_arrival_eight_statues, layout_basic
D:2:      layout_rooms, nicolae_overflow_hidden_temple
D:3:      layout_loops_ring, gammafunk_temple_overflow_pools,
          chequers_serial_rivers_micro_b, uniq_grinder, uniq_robin
D:4:      layout_rooms, first_ration

Skill      XL: |  1  2  3  4  5 |
---------------+----------------+-----
Invocations    | 1 |  1.8
Short Blades   | 1 |  1.6
Long Blades    | 1 |  1.6
Axes           | 1 |  1.6
Maces & Flails | 1 |  1.6
Polearms       | 1 |  1.6
Staves         | 1 |  1.6
Slings         | 1 |  1.6
Bows           | 1 |  1.6
Crossbows      | 1 |  1.6
Dodging        | 1 |  1.6
Stealth        | 1 |  1.6
Shields        | 1 |  1.6
Unarmed Combat | 1 |  1.6
Spellcasting   | 3 |  3.2
Conjurations   | 1 |  1.2
Hexes          | 1 |  1.2
Charms         | 1 |  1.2
Summonings     | 1 |  1.2
Necromancy     | 1 |  1.2
Translocations | 1 |  1.2
Transmutations | 1 |  1.2
Fire Magic     | 1 |  1.2
Ice Magic      | 1 |  1.2
Air Magic      | 1 |  1.2
Earth Magic    | 1 |  1.2
Throwing       | 3 |  3.0
Evocations     | 3 |  3.0
Poison Magic   | 4 |  4.0
Fighting       | |  6.7
Armour         | |  4.8

Action                   |  1- 3 |  4- 6 || total
-------------------------+-------+-------++-------
Melee: Club              |   175 |   298 ||   473
       Bite              |    18 |    33 ||    51
       Punch             |     1 |     2 ||     3
  Use: Scroll            |     4 |     3 ||     7
       Potion            |       |     5 ||     5
  Eat: Chunk             |     3 |     6 ||     9
Armor: Scale mail        |   144 |   128 ||   272
Dodge: Dodged            |   132 |   301 ||   433

Table legend:
 A = Non-vault XP
 B = Vault XP
 C = Vault XP percentage of total XP
 D = Non-vault monster count
 E = Vault monster count
 F = Vault count percentage of total count
                 A         B        C        D         E       F
            +---------+---------+-------+---------+---------+-------
      Total |     248 |      39 |  13.6 |      65 |      13 |  16.7
            +---------+---------+-------+---------+---------+-------
        D:1 |      39 |       0 |   0.0 |      19 |       0 |   0.0
        D:2 |      57 |       0 |   0.0 |      18 |       0 |   0.0
        D:3 |     146 |      39 |  21.1 |      25 |      13 |  34.2
        D:4 |       6 |       0 |   0.0 |       3 |       0 |   0.0
            +---------+---------+-------+---------+---------+-------
